[Event "FIDE Women World Blitz 2021"]
[Site "Warsaw"]
[Date "2021.12.29"]
[Round "2.39"]
[White "Jakubowska, Anna"]
[Black "Kulon, Klaudia"]
[Result "0-1"]
[ECO "B01"]
[WhiteElo "2106"]
[BlackElo "2328"]
[Annotator "NA"]
[PlyCount "112"]
[EventDate "2021.12.29"]
[EventType "swiss"]
[EventCountry "POL"]
[Tiebreak "Cut1 Buchholz"]
[SourceTitle "playchess.com"]
[Source "ChessBase"]
[SourceQuality "1"]
[TimeControl "180+2"]

1. e4 d5 2. exd5 Qxd5 3. Nc3 Qd8 4. Bc4 Nf6 5. d3 g6 6. Nge2 Bg7 7. O-O O-O 8. Bg5 h6 9. Bh4 b6 10. Qd2 Bb7 11. Rad1 Nc6 12. d4 e6 13. Bg3 Ne7 14. Nf4 Nf5 15. Bxe6 fxe6 16. Nxe6 Qd7 17. Nxf8 Rxf8 18. Be5 Kh7 19. f3 Rd8 20. Qf2 Nd6 21. Qh4 Rf8 22. b3 Qf5 23. Qf2 Qd7 24. Rfe1 Qc6 25. d5 Qd7 26. Qd2 Qf7 27. Bg3 Rd8 28. Ne4 Nxd5 29. Nxd6 cxd6 30. c4 Bc3 31. Qe2 Bxe1 32. Rxe1 Nf6 33. Qd3 Nh5 34. Bf2 Nf4 35. Qd4 Ne6 36. Qd3 Nc5 37. Qd4 Rd7 38. Bh4 g5 39. Bg3 a5 40. Qc3 Qg6 41. Qe3 Rf7 42. Qe8 g4 43. Re7 Kg7 44. Bxd6 Rxe7 45. Qxe7+ Qf7 46. Be5+ Kg6 47.
Qd6+ Qe6 48. Qb8 Bc6 49. Qh8 gxf3 50. Qg7+ Kf5 51. Bd4 Ke4 52. gxf3+ Kd3 53. Qh8 Bxf3 54. Bf2 Qg6+ 55. Kf1 Qg2+ 56. Ke1 Qh1+ 0-1

[Event "FIDE Women World Blitz 2021"]
[Site "Warsaw"]
[Date "2021.12.29"]
[Round "3.1"]
[White "Muzychuk, Anna"]
[Black "Mamedjarova, Zeinab"]
[Result "1-0"]
[ECO "C30"]
[WhiteElo "2533"]
[BlackElo "2249"]
[Annotator "ChessBase"]
[PlyCount "48"]
[EventDate "2021.12.29"]
[EventType "swiss"]
[EventCountry "POL"]
[Tiebreak "Cut1 Buchholz"]
[SourceTitle "playchess.com"]
[Source "ChessBase"]
[SourceQuality "1"]
[TimeControl "180+2"]

1. e4 e5 2. Nc3 d6 3. f4 exf4 4. Nf3 g5 5. Bc4 Bg7 6. O-O Nc6 7. d3 g4 8. Bxf4 h6 9. Nd2 Nf6 10. Bg3 Ne5 11. Bxe5 dxe5 12. Qe2 h5 13. Nd5 Be6 14. Nxf6+ Bxf6 15. Bxe6 fxe6 16. Nc4 Qe7 17. a4 Rf8 18. Qe3 a6 19. Rf2 O-O-O 20. Qa7 Bh4 21. Rxf8 Rxf8 22. g3 Bg5 23. Nxe5 c6 24. Nc4 Qf6 1-0

[Event "FIDE Women World Blitz 2021"]
[Site "Warsaw"]
[Date "2021.12.29"]
[Round "3.1"]
[White "Loskutova, Viktoriya"]
[Black "Kashlinskaya, Alina"]
[Result "1-0"]
[ECO "C07"]
[WhiteElo "2195"]
[BlackElo "2482"]
[Annotator "ChessBase"]
[PlyCount "179"]
[EventDate "2021.12.29"]
[EventType "swiss"]
[EventCountry "POL"]
[Tiebreak "Cut1 Buchholz"]
[SourceTitle "playchess.com"]
[Source "ChessBase"]
[SourceQuality "1"]
[TimeControl "180+2"]

1. e4 e6 2. d4 d5 3. Nd2 c5 4. exd5 Qxd5 5. Ngf3 cxd4 6. Bc4 Qd6 7. O-O Nf6 8. Nb3 Nc6 9. Nbxd4 Nxd4 10. Nxd4 Be7 11. Re1 O-O 12. c3 Qc7 13. Qe2 a6 14. Bg5 b5 15. Bb3 Qc5 16. Bh4 Kh8 17. Nf3 Bb7 18.
Ne5 Rad8 19. Rad1 Ne4 20. Bxe7 Qxe7 21. Bc2 Nf6 22. Rd3 Rxd3 23. Qxd3 Kg8 24. Ng4 Rd8 25. Nxf6+ Qxf6 26. Qxh7+ Kf8 27. Qh8+ Ke7 28. Qh5 Rd5 29. Qe2 Rg5 30. Be4 Re5 31. f3 Bd5 32. Qf2 Bxe4 33. fxe4 Qxf2+ 34. Kxf2 a5 35. Re2 a4 36. Kf3 Kd6 37. Rd2+ Kc6 38. Kf4 f6 39. Rd8 Rc5 40. Rc8+ Kd6 41. Rb8 g5+ 42. Ke3 Ke5 43. Rd8 Rc4 44. Rd4 Rc8 45. Rb4 Rc5 46. h3 a3 47. Kd3 axb2 48.
Rxb2 Kf4 49. Rf2+ Kg3 50. Rxf6 Kxg2 51. Rh6 Kg3 52. Kd4 Rc4+ 53. Kd3 Rc5 54. Kd4 Rc4+ 55. Kd3 Rc5 56. a3 e5 57. Rh8 Rc7 58. Rh5 Rd7+ 59. Ke3 Rg7 60. Rh6 Rc7 61. Kd3 Ra7 62. Rh5 Kf4 63. Rh8 Rxa3 64. Rb8 Kg3 65. Rxb5 Kxh3 66. Rxe5 g4 67. Rh5+ Kg2 68. e5 Ra5 69. Ke4 g3 70. Rg5 Kf2 71. Rf5+ Ke2 72. Rg5 Ra4+ 73. Kd5 Kf3 74. Rf5+ Kg4 75. Rf1 g2 76. Rg1 Ra2 77. e6 Kf5 78. e7 Re2 79. Rxg2 Rxe7 80. Rf2+ Kg5 81. c4 Rd7+ 82. Kc6 Rd1 83. c5 Kg6 84. Kc7 Rc1 85. c6 Kg7 86. Kb7 Rb1+ 87. Kc8 Rc1 88.
c7 Kg6 89. Rb2 Kf6 90. Kb8 1-0

[Event "FIDE Women World Blitz 2021"]
[Site "Warsaw"]
[Date "2021.12.29"]
[Round "3.2"]
[White "Mammadova, Gulnar"]
[Black "Batsiashvili, Nino"]
[Result "1-0"]
[ECO "B00"]
[WhiteElo "2395"]
[BlackElo "2491"]
[Annotator "ChessBase"]
[PlyCount "83"]
[EventDate "2021.12.29"]
[EventType "swiss"]
[EventCountry "POL"]
[Tiebreak "Cut1 Buchholz"]
[SourceTitle "playchess.com"]
[Source "ChessBase"]
[SourceQuality "1"]
[TimeControl "180+2"]

1. e4 b6 2. d4 Bb7 3. Bd3 e6 4. Nf3 Nf6 5. Qe2 d5 6. e5 Ne4 7. Nbd2 Nxd2 8. Bxd2 Be7 9. c3 a5 10. a4 Ba6 11. O-O Bxd3 12. Qxd3 O-O 13. g3 c5 14. h4 h6 15. Be3 Qc8 16. Qd2 Nd7 17. Kg2 f6 18. exf6 Rxf6 19. Bf4 Qf8 20. Nh2 Rf7 21. Rae1 Bxh4 22. Rxe6 Bf6 23. Rfe1 cxd4 24. Bd6 dxc3 25. Qxd5 Qc8 26. Re7 Bxe7 27. Rxe7 Qf8 28. Rxd7 Qe8 29. Rxf7 Qxf7 30. Qxa8+ Kh7 31. Qe4+ Kg8 32. bxc3 Qb3 33. Be5 Qe6 34. Nf3 Qd7 35. Qg6 Qe7 36. Qxb6 Qf7 37. Qxa5 Kh7 38. Qa8 Qf5 39. Qb7 Qg6 40. Qxg7+ Qxg7 41. Bxg7 Kxg7 42. Nd4 1-0

[Event "FIDE Women World Blitz 2021"]
[Site "Warsaw"]
[Date "2021.12.29"]
[Round "3.2"]
[White "Osmak, Yuliia"]
[Black "Koneru, Humpy"]
[Result "1-0"]
[ECO "D36"]
[WhiteElo "2198"]
[BlackElo "2586"]
[Annotator "ChessBase"]
[PlyCount "85"]
[EventDate "2021.12.29"]
[EventType "swiss"]
[EventCountry "POL"]
[Tiebreak "Cut1 Buchholz"]
[SourceTitle "playchess.com"]
[Source "ChessBase"]
[SourceQuality "1"]
[TimeControl "180+2"]

1. c4 e6 2. Nc3 d5 3. d4 Nf6 4. cxd5 exd5 5. Bg5 c6 6. e3 Be7 7. Bd3 Nbd7 8. Qc2 Nf8 9. h3 Ne6 10. Bh4 g6 11. Nf3 O-O 12. O-O Ng7 13.
Bxf6 Bxf6 14. b4 a6 15. a4 Bf5 16. b5 axb5 17. axb5 Bxd3 18. Qxd3 Nf5 19. bxc6 bxc6 20. Na4 Qa5 21. Rfc1 Rfc8 22. Qd1 Qd8 23. Nc5 Nd6 24. Rxa8 Rxa8 25. Ra1 Nc4 26. Rxa8 Qxa8 27. Qb1 Be7 28. Nd3 Bd6 29. g3 Kg7 30. Kg2 Qa3 31. h4 h6 32. Nde5 Bxe5 33.
dxe5 Qc3 34. h5 g5 35. e6 fxe6 36. Qg6+ Kf8 37. Qxh6+ Qg7 38. Qxe6 g4 39. Nd4 c5 40. Nf5 Qf7 41. Qc8+ Qe8 42. Qxc5+ Kg8 43. Qxd5+ 1-0

[Event "FIDE Women World Blitz 2021"]
[Site "Warsaw"]
[Date "2021.12.29"]
[Round "3.3"]
[White "Gunina, Valentina"]
[Black "Socko, Monika"]
[Result "1-0"]
[ECO "A40"]
[WhiteElo "2480"]
[BlackElo "2393"]
[Annotator "ChessBase"]
[PlyCount "63"]
[EventDate "2021.12.29"]
[EventType "swiss"]
[EventCountry "POL"]
[Tiebreak "Cut1 Buchholz"]
[SourceTitle "playchess.com"]
[Source "ChessBase"]
[SourceQuality "1"]
[TimeControl "180+2"]

1. d4 e6 2. c4 b6 3. Nf3 Bb7 4. g3 Bb4+ 5. Bd2 Bxf3 6. exf3 Bxd2+ 7. Qxd2 d5 8. f4 Ne7 9. Nc3 O-O 10. Bg2 Nbc6 11. O-O-O Na5 12. cxd5 Nxd5 13. f5 Qd7 14. f6 Nxf6 15. Bxa8 Rxa8 16. d5 h6 17. Rhe1 exd5 18. Nxd5 Qc6+ 19. Kb1 Kh8 20. Nxf6 Qxf6 21. Qd4 Qf5+ 22. Qe4 Qc8 23. Rd5 Nb7 24. Qe7 Nd6 25. Rc1 Qg4 26. f4 Qf3 27. Rd2 Re8 28.
Qxc7 Ne4 29. Rd8 Rxd8 30. Qxd8+ Kh7 31. Qd7 Qe3 32. Qf5+ 1-0

[Event "FIDE Women World Blitz 2021"]
[Site "Warsaw"]
[Date "2021.12.29"]
[Round "3.3"]
[White "Strutinskaia, Galina"]
[Black "Beydullayeva, Govhar"]
[Result "1-0"]
[ECO "E21"]
[WhiteElo "2188"]
[BlackElo "2278"]
[Annotator "NA"]
[PlyCount "71"]
[EventDate "2021.12.29"]
[EventType "swiss"]
[EventCountry "POL"]
[Tiebreak "Cut1 Buchholz"]
[SourceTitle "playchess.com"]
[Source "ChessBase"]
[SourceQuality "1"]
[TimeControl "180+2"]

1. d4 Nf6 2. c4 e6 3. Nc3 Bb4 4. Bd2 O-O 5. a3 Bxc3 6. Bxc3 b6 7. Nf3 Bb7 8. e3 d6 9. Rc1 Nbd7 10. b4 Ne4 11. Bb2 c5 12. Qc2 Qe7 13.
Bd3 f5 14. O-O Rac8 15. Rfd1 Ndf6 16. dxc5 bxc5 17. b5 Ng4 18. Rf1 Ng5 19. Ne1 Qf7 20. Qc3 e5 21. h3 Nh6 22. f4 Ne4 23.
Qa5 Ng3 24. Rf2 Qh5 25. Qxa7 Rf7 26. Qb6 Ng4 27. Qxd6 Nxf2 28. Kxf2 exf4 29. Qxf4 Ne4+ 30. Kg1 Rd8 31. a4 g5 32. Qe5 Nf6 33. a5 Qg6 34. Bxf5 Qh5 35. Be6 Rdf8 36. Qxf6 1-0

[Event "FIDE Women World Blitz 2021"]
[Site "Warsaw"]
[Date "2021.12.29"]
[Round "3.4"]
[White "Efroimski, Marsel"]
[Black "Goryachkina, Aleksandra"]
[Result "0-1"]
[ECO "B12"]
[WhiteElo "2419"]
[BlackElo "2604"]
[Annotator "ChessBase"]
[PlyCount "81"]
[EventDate "2021.12.29"]
[EventType "swiss"]
[EventCountry "POL"]
[Tiebreak "Cut1 Buchholz"]
[SourceTitle "playchess.com"]
[Source "ChessBase"]
[SourceQuality "1"]
[TimeControl "180+2"]

1. e4 c6 2. d4 d5 3. e5 c5 4. dxc5 e6 5. Be3 Nd7 6. Nf3 Bxc5 7. Bxc5 Nxc5 8.
Qd4 b6 9. Qg4 g6 10. h4 h5 11. Qf4 Ne7 12. Nbd2 Nf5 13. Ng5 Qc7 14. Ndf3 Bb7 15. Nd4 O-O-O 16. O-O-O Kb8 17. f3 Rd7 18. g4 hxg4 19. fxg4 Nxd4 20. Qxd4 Rc8 21. Rh2 f6 22. Nf3 Ne4 23. exf6 Qf4+ 24. Kb1 Qxf3 25. Bg2 Qf4 26. Bxe4 Qxh2 27. Bxg6 e5 28. Qe3 e4 29. Rc1 d4 30. Qa3 Rdc7 31. Bf5 Rxc2 32. Bxc8 Rxc1+ 33. Kxc1 Qf4+ 34. Kc2 Bxc8 35. Qe7 d3+ 36. Kc3 d2 37. Qd8 e3 38. f7 Qxf7 39. g5 Qc7+ 40. Qxc7+ Kxc7 41. Kd4 0-1

[Event "FIDE Women World Blitz 2021"]
[Site "Warsaw"]
[Date "2021.12.29"]
[Round "3.4"]
[White "Utiatskaja, Irina"]
[Black "Sandu, Mihaela"]
[Result "0-1"]
[ECO "B90"]
[WhiteElo "2184"]
[BlackElo "2244"]
[Annotator "NA"]
[PlyCount "36"]
[EventDate "2021.12.29"]
[EventType "swiss"]
[EventCountry "POL"]
[Tiebreak "Cut1 Buchholz"]
[SourceTitle "playchess.com"]
[Source "ChessBase"]
[SourceQuality "1"]
[TimeControl "180+2"]

1. e4 c5 2. Nf3 d6 3. d4 cxd4 4. Nxd4 Nf6 5. Nc3 a6 6. Be3 b5 7. a4 b4 8. Nd5 e6 9. Nxf6+ Qxf6 10.
Qd2 Be7 11. Be2 O-O 12. O-O Bb7 13. Bd3 d5 14. f3 Nd7 15.
Ne2 Ne5 16. Ng3 Nxd3 17. cxd3 Rac8 18. d4 dxe4 0-1

[Event "FIDE Women World Blitz 2021"]
[Site "Warsaw"]
[Date "2021.12.29"]
[Round "3.5"]
[White "Zatonskih, Anna"]
[Black "Buksa, Nataliya"]
[Result "0-1"]
[ECO "D35"]
[WhiteElo "2394"]
[BlackElo "2199"]
[Annotator "NA"]
[PlyCount "86"]
[EventDate "2021.12.29"]
[EventType "swiss"]
[EventCountry "POL"]
[Tiebreak "Cut1 Buchholz"]
[SourceTitle "playchess.com"]
[Source "ChessBase"]
[SourceQuality "1"]
[TimeControl "180+2"]

1. d4 d5 2. c4 e6 3. Nc3 Be7 4. cxd5 exd5 5. Bf4 Nf6 6. e3 c6 7. Bd3 Nbd7 8. Qc2 Nh5 9. Bg3 Nxg3 10. hxg3 h6 11. Nf3 Nb6 12. Ne5 Bd6 13. O-O-O Bxe5 14. dxe5 Qe7 15. f4 Bg4 16. Be2 Bxe2 17. Nxe2 O-O-O 18. Nd4 Kb8 19. Kb1 Nc4 20. Qc3 g6 21. b3 Nb6 22. Rc1 Rc8 23. g4 Qd7 24. f5 c5 25. e6 cxd4 26. exd7 Rxc3 27. Rxh6 Rxc1+ 28. Kxc1 Rd8 29. fxg6 fxg6 30. exd4 Rxd7 31.
Rxg6 Rf7 32. Kd2 Rf2+ 33. Ke3 Rxa2 34. Kf3 Rb2 35. g5 Rxb3+ 36. Kf4 Rd3 37. Ke5 Rg3 38. Kd6 a5 39. Kc5 Ka7 40. Rd6 a4 41.
g6 a3 42. Rxb6 a2 43. g7 a1=Q 0-1

[Event "FIDE Women World Blitz 2021"]
[Site "Warsaw"]
[Date "2021.12.29"]
[Round "3.5"]
[White "Kubicka, Anna"]
[Black "Paramzina, Anastasya"]
[Result "0-1"]
[ECO "B51"]
[WhiteElo "2273"]
[BlackElo "2260"]
[Annotator "NA"]
[PlyCount "56"]
[EventDate "2021.12.29"]
[EventType "swiss"]
[EventCountry "POL"]
[Tiebreak "Cut1 Buchholz"]
[SourceTitle "playchess.com"]
[Source "ChessBase"]
[SourceQuality "1"]
[TimeControl "180+2"]

1. e4 c5 2. Nf3 d6 3. Bb5+ Nd7 4. O-O a6 5. Bd3 Ngf6 6. c3 b5 7. a4 Bb7 8. Qe2 c4 9. Bc2 e6 10. d4 cxd3 11. Bxd3 bxa4 12. Bg5 Nc5 13. Bc2 Be7 14. Nbd2 O-O 15. Rfe1 h6 16. Bxf6 Bxf6 17. Rad1 Qc7 18. Nc4 Rfd8 19. Nxd6 Rxd6 20. Rxd6 Qxd6 21. e5 Bxe5 22. Nxe5 Qd5 23. Qg4 Qd2 24. Qd1 Qg5 25. f3 Rd8 26. Qc1 Rd2 27. Ng4 Rxg2+ 28. Kxg2 Qxg4+ 0-1

[Event "FIDE Women World Blitz 2021"]
[Site "Warsaw"]
[Date "2021.12.29"]
[Round "3.6"]
[White "Doluhanova, Evgeniya"]
[Black "Smirnova, Ekaterina"]
[Result "1-0"]
[ECO "D12"]
[WhiteElo "2237"]
[BlackElo "2196"]
[Annotator "NA"]
[PlyCount "169"]
[EventDate "2021.12.29"]
[EventType "swiss"]
[EventCountry "POL"]
[Tiebreak "Cut1 Buchholz"]
[SourceTitle "playchess.com"]
[Source "ChessBase"]
[SourceQuality "1"]
[TimeControl "180+2"]

1. Nf3 d5 2. b3 Nf6 3. Bb2 Bf5 4. e3 e6 5. c4 Be7 6. Nc3 h6 7. d4 O-O 8. Bd3 Bxd3 9. Qxd3 c6 10. O-O Nbd7 11. h3 a5 12. Rad1 Qc7 13.
e4 dxe4 14. Nxe4 Nxe4 15. Qxe4 Nf6 16. Qe3 a4 17. Rfe1 axb3 18. axb3 Ra2 19. Bc3 Ra3 20. Bb2 Ra2 21. Bc3 Ra3 22. Rb1 Rfa8 23. Ne5 Bd6 24. Qf3 Bxe5 25. dxe5 Nd7 26. Qg3 Qb6 27. Bd2 Nf8 28. Bxh6 Ng6 29. Bd2 Qd4 30. Bc3 Qb6 31. Qe3 Qxe3 32. Rxe3 Ra2 33. Bb4 Rd8 34. Bd6 Rd2 35. g3 f6 36. Ra1 fxe5 37. Bxe5 Nxe5 38. Rxe5 Kf7 39. Re3 Rd1+ 40. Rxd1 Rxd1+ 41. Kg2 Rb1 42. h4 g6 43. g4 b5 44. cxb5 cxb5 45. Kg3 Rb2 46. f3 Kf6 47. Kf4 Rb1 48.
g5+ Ke7 49. Rc3 Rh1 50. Kg3 Rg1+ 51. Kf2 Rh1 52. Rc5 Rxh4 53. Rxb5 Rd4 54. Rb7+ Kf8 55. Kg3 Rd3 56. b4 e5 57. Kg4 Rd4+ 58. Kg3 Rd3 59. Kf2 Rd2+ 60. Ke3 Rg2 61. b5 Rxg5 62. b6 Rg1 63. Ke4 Re1+ 64. Kd5 Rb1 65. Kxe5 Rb3 66. f4 Rb1 67. Kf6 Kg8 68. Kxg6 Rg1+ 69. Kf6 Rf1 70. f5 Rb1 71. Rb8+ Kh7 72. b7 Rb6+ 73. Kf7 Rb5 74. f6 Rb1 75. Ke6 Re1+ 76. Kd7 Rd1+ 77. Ke8 Re1+ 78. Kf8 Rb1 79. f7 Rb2 80. Ke8 Re2+ 81. Kd7 Rd2+ 82. Ke6 Re2+ 83. Kd5 Rd2+ 84. Ke4 Rf2 85. f8=Q 1-0

[Event "FIDE Women World Blitz 2021"]
[Site "Warsaw"]
[Date "2021.12.29"]
[Round "3.7"]
[White "Kamalidenova, Meruert"]
[Black "Vaishali R"]
[Result "1/2-1/2"]
[ECO "B63"]
[WhiteElo "2339"]
[BlackElo "2405"]
[Annotator "NA"]
[PlyCount "147"]
[EventDate "2021.12.29"]
[EventType "swiss"]
[EventCountry "POL"]
[Tiebreak "Cut1 Buchholz"]
[SourceTitle "playchess.com"]
[Source "ChessBase"]
[SourceQuality "1"]
[TimeControl "180+2"]

1. e4 c5 2. Nf3 Nc6 3. d4 cxd4 4. Nxd4 Nf6 5. Nc3 d6 6. Bg5 e6 7. Qd2 a6 8. O-O-O Be7 9. f3 Nxd4 10. Qxd4 O-O 11. h4 b5 12. Kb1 Bb7 13.
g4 Rc8 14. Qd2 b4 15. Na4 Nxe4 16. fxe4 Bxe4 17. Bd3 Bxh1 18. Rxh1 a5 19. Be3 d5 20. g5 Kh8 21. h5 e5 22. Bf5 Rc6 23. Qg2 Qd6 24. Bc1 e4 25.
b3 Qe5 26. Rf1 e3 27. Bb2 d4 28. Qxc6 e2 29. Re1 Qxf5 30. Qc4 Bxg5 31. Qxe2 Bf6 32. Nb6 h6 33. Nc4 a4 34. Rd1 a3 35. Bxd4 Bxd4 36. Rxd4 Qf6 37. Rd1 Rc8 38. Qe5 Qf3 39. Qd5 Qc3 40. Qd4 Qf3 41. Nd6 Rc7 42. Re1 Rd7 43. Re8+ Kh7 44. Re1 f5 45. Qe5 Rd8 46. Qxf5+ Qxf5 47. Nxf5 Rd5 48. Ng3 Rg5 49. Re3 g6 50. hxg6+ Kxg6 51. c3 bxc3 52. Rxc3 h5 53.
Rc6+ Kf7 54. Ne4 Re5 55. Rc4 Ke6 56. Kc2 Rf5 57. Kd3 Rf1 58.
Ra4 h4 59. Rxa3 h3 60. Ng5+ Kd5 61. Ra5+ Kc6 62. Nxh3 Rf3+ 63. Kc4 Rxh3 64. Rg5 Rh4+ 65. Kc3 Rh3+ 66. Kb4 Kb6 67. a4 Rh4+ 68. Ka3 Rh3 69. Rg6+ Ka5 70. Rf6 Rxb3+ 71. Ka2 Rb4 72. Ka3 Rxa4+ 73. Kb3 Rb4+ 74. Ka3 1/2-1/2

[Event "FIDE Women World Blitz 2021"]
[Site "Warsaw"]
[Date "2021.12.29"]
[Round "3.7"]
[White "Gil Quilez, Sonia"]
[Black "Malicka, Maria"]
[Result "1-0"]
[ECO "E37"]
[WhiteElo "2122"]
[BlackElo "2307"]
[Annotator "NA"]
[PlyCount "77"]
[EventDate "2021.12.29"]
[EventType "swiss"]
[EventCountry "POL"]
[Tiebreak "Cut1 Buchholz"]
[SourceTitle "playchess.com"]
[Source "ChessBase"]
[SourceQuality "1"]
[TimeControl "180+2"]

1. d4 Nf6 2. c4 e6 3. Nc3 Bb4 4. Qc2 d5 5. e3 c5 6. Nf3 Nc6 7. a3 Bxc3+ 8. Qxc3 O-O 9. dxc5 Ne4 10. Qc2 Qa5+ 11. Nd2 Nxd2 12. Bxd2 Qxc5 13. b4 Qb6 14. c5 Qc7 15. Bd3 h6 16. Bc3 e5 17. O-O Be6 18. Rad1 a5 19. b5 Ne7 20. Qb2 f6 21. Rc1 e4 22. Be2 Ng6 23. b6 Qd7 24. Bb5 Qe7 25.
Bd4 Bd7 26. c6 bxc6 27. Bxc6 Bxc6 28. Rxc6 Rac8 29. Rfc1 Qb7 30. Rc7 Qb8 31. Qb5 Ne5 32. Qxd5+ Kh8 33. Bxe5 fxe5 34. Qd7 Rxc7 35. Rxc7 Rg8 36. b7 a4 37. Rc8 Qa7 38. Rxg8+ Kh7 39. Qxg7# 1-0

[Event "FIDE Women World Blitz 2021"]
[Site "Warsaw"]
[Date "2021.12.29"]
[Round "3.8"]
[White "Shuvalova, Polina"]
[Black "Pavlidou, Ekaterini"]
[Result "1/2-1/2"]
[ECO "D02"]
[WhiteElo "2515"]
[BlackElo "2177"]
[Annotator "ChessBase"]
[PlyCount "189"]
[EventDate "2021.12.29"]
[EventType "swiss"]
[EventCountry "POL"]
[Tiebreak "Cut1 Buchholz"]
[SourceTitle "playchess.com"]
[Source "ChessBase"]
[SourceQuality "1"]
[TimeControl "180+2"]

1. d4 Nf6 2. Nf3 e6 3. Bf4 d5 4. e3 c5 5. Nbd2 Nc6 6. c3 cxd4 7. exd4 Nh5 8. Be3 Qc7 9. g3 f5 10. Ne5 Nf6 11. Nxc6 bxc6 12. Bf4 Bd6 13. Bxd6 Qxd6 14. Qe2 a5 15. Qe3 O-O 16. Bd3 f4 17. Qe2 c5 18. dxc5 Qxc5 19. O-O fxg3 20. hxg3 Rb8 21. Nb3 Qd6 22. Rfe1 a4 23. Nd4 Ne4 24. Bxe4 dxe4 25. Rad1 e5 26. Nc2 Qb6 27. Nb4 h5 28. Qe3 h4 29. Qxb6 Rxb6 30. Rxe4 hxg3 31. fxg3 Rg6 32. Re3 Bb7 33. Rf1 Rd8 34. c4 Rh6 35. Nd5 Bxd5 36. cxd5 Rxd5 37. Rf2 Rd1+ 38. Kg2 Rhh1 39. Kf3 Ra1 40. a3 Rh5 41. Ke4 Rg5 42. Rf5 Rg4+ 43. Kf3 Rd4 44. Rfxe5 Rf1+ 45. Kg2 Rb1 46. Re2 Kh7 47. Kf3 Rd3+ 48. R5e3 Rd4 49. Rc3 Rf1+ 50. Ke3 Rd7 51. Rd3 Re7+ 52. Kd2 Rb7 53. Kc2 Rf6 54. Rc3 Rfb6 55. b4 axb3+ 56. Kb2
Rb8 57. Ree3 Rf8 58. Rxb3 Rf2+ 59. Kc3 Rc6+ 60. Kb4 Rb6+ 61. Kc5 Ra6 62. Kb5 Ra8 63. Rec3 Rb8+ 64. Kc6 Rc8+ 65. Kb7 Re8 66. a4 Re4 67. a5 Rf6 68. Rb6 Rf7+ 69. Rc7 Rf8 70. a6 Ra4 71. a7 Ra3 72. Ra6 Rb3+ 73. Rb6 Ra3 74. Rd7 Ra4 75. Kc6 Rc8+ 76. Kb5 Rac4 77. Ka6 Ra4+ 78. Kb7 Re8 79. Rc6 Rb4+ 80. Kc7 Ra8 81. Kd6 Ra4 82. Rcc7 Ra6+ 83. Kc5 Ra5+ 84. Kb6 Ra3 85. Rxg7+ Kh6 86. Kb5 Rb3+ 87. Ka4 Rb1 88. Ka5 Rb2 89. g4 Rxa7+ 90. Rxa7 Rb5+ 91. Ka4 Rb4+ 92. Ka3 Rb3+ 93. Ka2 Rb2+ 94. Ka3 Rb3+ 95. Kxb3 1/2-1/2

[Event "FIDE Women World Blitz 2021"]
[Site "Warsaw"]
[Date "2021.12.29"]
[Round "3.8"]
[White "Ovod, Evgenija"]
[Black "Rudzinska, Michalina"]
[Result "1-0"]
[ECO "B50"]
[WhiteElo "2366"]
[BlackElo "1832"]
[Annotator "NA"]
[PlyCount "61"]
[EventDate "2021.12.29"]
[EventType "swiss"]
[EventCountry "POL"]
[Tiebreak "Cut1 Buchholz"]
[SourceTitle "playchess.com"]
[Source "ChessBase"]
[SourceQuality "1"]
[TimeControl "180+2"]

1. e4 c5 2. Nf3 d6 3. c3 Nf6 4. Bd3 e5 5. O-O Nc6 6. Bc2 Be7 7. d4 cxd4 8.
cxd4 Bg4 9. d5 Nd4 10. Nbd2 Rc8 11. Bd3 Nh5 12. Qa4+ Bd7 13. Qxa7 Nf4 14. Nxd4 exd4 15. Qxd4 Bf6 16. Qe3 Be5 17. Nf3 O-O 18. Nxe5 dxe5 19. Bd2 Qf6 20. Rfc1 h5 21. Bf1 h4 22. Rxc8 Rxc8 23. Rc1 Ra8 24. a3 Qg6 25. g3 Ra4 26. Rc4 Rxc4 27. Bxc4 Qg4 28. f3 Qg6 29. g4 h3 30. Kf2 Qf6 31. Ke1 1-0

[Event "FIDE Women World Blitz 2021"]
[Site "Warsaw"]
[Date "2021.12.29"]
[Round "3.9"]
[White "Danielian, Elina"]
[Black "Balajayeva, Khanim"]
[Result "1/2-1/2"]
[ECO "D00"]
[WhiteElo "2450"]
[BlackElo "2369"]
[Annotator "ChessBase"]
[PlyCount "101"]
[EventDate "2021.12.29"]
[EventType "swiss"]
[EventCountry "POL"]
[Tiebreak "Cut1 Buchholz"]
[SourceTitle "playchess.com"]
[Source "ChessBase"]
[SourceQuality "1"]
[TimeControl "180+2"]

1. d4 Nf6 2. Bg5 d5 3. Bxf6 exf6 4. e3 Bd6 5. g3 O-O 6. Bg2 c6 7. Ne2 Nd7 8. O-O f5 9. b3 Nf6 10. c4 dxc4 11. bxc4 Re8 12. Nbc3 Qc7 13. Rb1 Bd7 14. c5 Bf8 15. Qc2 b6 16. cxb6 axb6 17. Rfc1 Qa7 18. Qb3 b5 19. d5 c5 20. Nxb5 Bxb5 21. Qxb5 Qxa2 22. Nc3 Qa7 23. Qc4 Rad8 24. Bf3 g6 25. h4 Nd7 26. Bg2 Ne5 27. Qe2 c4 28. Nb5 Qc5 29. Nd4 Bg7 30.
Rb7 Rb8 31. Qb2 Rxb7 32. Qxb7 Nd3 33. Rc2 Bxd4 34. exd4 Qxd4 35. d6 Qxd6 36. Bd5 Rf8 37. Rxc4 Qe5 38. Kg2 Ne1+ 39. Kf1 Nd3 40. Kg2 f4 41. Rc7 Qf6 42. g4 Ne5 43. g5 f3+ 44. Bxf3 Qf4 45.
Qe4 Qxf3+ 46. Qxf3 Nxf3 47.
Kxf3 Kg7 48. Kg4 Ra8 49. f4 Ra4 50. Rb7 Rc4 51. Ra7 1/2-1/2

[Event "FIDE Women World Blitz 2021"]
[Site "Warsaw"]
[Date "2021.12.29"]
[Round "3.9"]
[White "Wikar, Martyna"]
[Black "Heredia Serrano, Carla"]
[Result "1-0"]
[ECO "B19"]
[WhiteElo "1899"]
[BlackElo "2138"]
[Annotator "NA"]
[PlyCount "118"]
[EventDate "2021.12.29"]
[EventType "swiss"]
[EventCountry "POL"]
[Tiebreak "Cut1 Buchholz"]
[SourceTitle "playchess.com"]
[Source "ChessBase"]
[SourceQuality "1"]
[TimeControl "180+2"]

1. e4 c6 2. d4 d5 3. Nc3 dxe4 4. Nxe4 Bf5 5. Ng3 Bg6 6. Nf3 Nd7 7. h4 h6 8. h5 Bh7 9. Bd3 Bxd3 10. Qxd3 e6 11. Bd2 Ngf6 12. O-O-O Be7 13. c4 O-O 14. Kb1 b5 15. cxb5 cxb5 16. Ne4 Nxe4 17. Qxe4 Nf6 18. Qe2 Qd5 19. Rh3 Rac8 20. Ne5 Qxd4 21. Bxh6 Qe4+ 22. Qxe4 Nxe4 23. Be3 a5 24. h6 gxh6 25. Rdh1 Rfd8 26. Rxh6 Bf6 27. Ng4 Bg7 28. R6h5 Nd2+ 29. Bxd2 Rxd2 30. Rxb5 a4 31. a3 f5 32. Nh6+ Bxh6 33. Rxh6 Rxf2 34. Rxe6 Rf1+ 35. Ka2 Rf2 36. Rg6+ Kf7 37. Rg5 f4 38. Rb4 Rcc2 39. Rf5+ Ke6 40. Rfxf4 Rxf4 41. Rxf4 Rxg2 42. Rxa4 Kd5 43. Rf4 Kc5 44. Rf3 Kb5 45. Kb3 Ka5 46. Rf5+ Kb6 47. Kc3 Rg3+ 48. Kb4 Rg4+ 49. Kb3 Rg3+ 50. Ka4 Ka6 51. Rf6+ Kb7 52. b4 Rg5 53. b5 Ka7 54. Ka5 Ka8 55. Rf7 Rg6 56. a4 Kb8 57. b6 Rg4 58. Kb5 Rg5+ 59. Ka6 Ka8 1-0

[Event "FIDE Women World Blitz 2021"]
[Site "Warsaw"]
[Date "2021.12.29"]
[Round "3.10"]
[White "Yakimova, Mariya"]
[Black "Budkiewicz, Magdalena"]
[Result "1-0"]
[ECO "E67"]
[WhiteElo "2219"]
[BlackElo "1624"]
[Annotator "NA"]
[PlyCount "59"]
[EventDate "2021.12.29"]
[EventType "swiss"]
[EventCountry "POL"]
[Tiebreak "Cut1 Buchholz"]
[SourceTitle "playchess.com"]
[Source "ChessBase"]
[SourceQuality "1"]
[TimeControl "180+2"]

1. d4 Nf6 2. c4 g6 3. Nc3 Bg7 4. g3 d6 5. Bg2 O-O 6. Nf3 Nbd7 7. O-O e5 8.
dxe5 dxe5 9. Qc2 c6 10. Rd1 Qe7 11. e4 Nc5 12. b4 Na6 13.
a3 Bg4 14. h3 Bd7 15. Be3 Rfd8 16. Rd2 Nh5 17. Rad1 Be6 18. Na4 b6 19. Bg5 f6 20. Be3 Bf8 21. c5 b5 22. Nc3 Qf7 23. Rxd8 Bb3 24. Qc1 Bxd1 25. Qxd1 Rxd8 26. Qxd8 Qb3 27. Bh6 Ng7 28. Ne2 Qxa3 29. Qxf6 Qxb4 30. Nxe5 1-0